 Dungeon Crawl Stone Soup version 0.30-a0-996-ga6910c8ee8 (webtiles) character file.

Game seed: 15283037524783859640

270 vishdafish the Conjurer (level 6, 41/41 HPs)
             Began as a Demonspawn Conjurer on Apr 4, 2023.
             Quit the game in a sewer.
             The game lasted 00:04:15 (3227 turns).

vishdafish the Conjurer (Demonspawn Conjurer)       Turns: 3227, Time: 00:04:16

Health: 41/41      AC:  9    Str:  7    XL:     6   Next: 1%
Magic:  11/11      EV: 12    Int: 18    God:
Gold:   169        SH:  5    Dex: 12    Spells: 10/11 levels left

rFire   . . .      SeeInvis +    c - +8 quarterstaff of Cauggiyt {flame, rElec rPois Int-3 SInv}
rCold   + . .      Faith    .    (shield currently unavailable)
rNeg    . . .      Spirit   .    a - +0 robe
rPois   +          Reflect  +    (no helmet)
rElec   +          Rampage  .    x - +2 cloak
rCorr   .                        j - +2 pair of gloves
Will    .....                    o - +0 pair of boots
Stlth   +                        h - amulet of reflection
HPRegen 0.26/turn                n - ring of protection from cold
MPRegen 0.12/turn                (no ring)

@: studying Staves, very slow
A: hooves 1, ignite blood 1
a: no special abilities


You were in a sewer.
You visited 1 branch of the dungeon, and saw 4 of its levels.
You also visited: Sewer.

You collected 169 gold pieces.

Inventory:

Hand Weapons
 c - the +8 quarterstaff of Cauggiyt (weapon) {flame, rElec rPois Int-3 SInv}
   (You found it on level 2 of the Dungeon)

   Int:       It affects your intelligence (-3).
   rElec:     It insulates you from electricity.
   rPois:     It protects you from poison.
   SInv:      It lets you see invisible.
Missiles
 w - 4 curare-tipped darts
Armour
 a - a +0 robe (worn)
 b - a +0 pair of gloves
 j - a +2 pair of gloves (worn)
 k - a +0 cloak
 o - a +0 pair of boots (worn)
 x - a +2 cloak (worn)
Jewellery
 f - an amulet of regeneration
 h - an amulet of reflection (around neck)
 n - a ring of protection from cold (left hand)
Scrolls
 d - 3 scrolls of teleportation
 p - a scroll of fog
 s - 3 scrolls of enchant armour
 u - a scroll of enchant weapon
Potions
 e - a potion of attraction
 g - a potion of brilliance {unknown}
 i - 2 potions of cancellation
 l - 2 potions of haste {unknown}
 m - a potion of berserk rage {unknown}
 q - 2 potions of curing {unknown}
 r - a potion of might {unknown}
 t - 2 potions of mutation {unknown}
 v - a potion of flight {unknown}


   Skills:
 + Level 5.0 Staves
 - Level 1.7 Dodging
 - Level 1.7 Stealth
 - Level 3.4 Spellcasting
 - Level 5.1 Conjurations


You had 10 spell levels left.
You knew the following spells:

 Your Spells              Type           Power      Damage    Failure   Level
a - Magic Dart            Conj           84%        1d7       1%          1

Your spell library contained the following spells:

 Spells                   Type           Power      Damage    Failure   Level
 Searing Ray              Conj           42%        2d6       2%          2
 Apportation              Tloc           6%         N/A       16%         1
 Necrotise                Necr           12%        1d4       16%         1
 Summon Small Mammal      Summ           12%        N/A       16%         1
 Dazzling Flash           Conj/Hex       24%        N/A       16%         3
 Ensorcelled Hibernation  Hex/Ice        6%         N/A       24%         2
 Passwall                 Tmut/Erth      2%         N/A       24%         2
 Sublimation of Blood     Necr           3%         N/A       24%         2
 Swiftness                Air            3%         N/A       43%         3
 Fulminant Prism          Conj/Hex       6%         3d7       47%         4
 Iskenderun's Mystic Bla  Conj/Tloc      12%        2d5       47%         4
 Petrify                  Tmut/Erth      3%         N/A       83%         4
 Irradiate                Conj/Tmut      6%         3d13      83%         5
 Metabolic Englaciation   Hex/Ice        1%         N/A       99%         5
 Statue Form              Tmut/Erth      2%         N/A       100%        6


Dungeon Overview and Level Annotations

Branches:
Dungeon (4/15)              Sewer (1/1)
 Temple: D:4-7

Altars:
Qazlal

Shops:
D:2 !


Innate Abilities, Weirdness & Mutations

You have large cloven feet.
Your demonic aura sometimes causes spilled blood to erupt in flames.


Message History

Moving in this stuff is going to be slow.
You enter the shallow water.
Moving in this stuff is going to be slow.
You enter the shallow water.
Moving in this stuff is going to be slow.
You enter the shallow water.
Moving in this stuff is going to be slow.
You enter the shallow water.
Moving in this stuff is going to be slow.
A river rat comes into view.
A river rat is nearby!
A river rat is nearby!
A river rat is nearby!
The river rat misses you.
You hit the river rat. You burn the river rat.
The river rat is severely wounded.
The river rat bites you.
You hit the river rat. You burn the river rat.
You kill the river rat!
Your Staves skill increases to level 5!
You have reached level 6!
Your demonic ancestry asserts itself...
Your blood heats up.
You see here a river rat corpse.
You see here a river rat corpse.
You enter the shallow water.
Moving in this stuff is going to be slow.
You enter the shallow water.
Moving in this stuff is going to be slow.
You enter the shallow water.
Moving in this stuff is going to be slow.
You enter the shallow water.
Moving in this stuff is going to be slow.
A river rat comes into view.
The river rat twitches its whiskers.
A river rat is nearby!
A river rat is nearby!
Are you sure you want to abandon this character and quit the game? (Confirm with "yes".)
Okay, then.
Are you sure you want to abandon this character and quit the game? (Confirm with "yes".)

≈≈≈≈≈≈≈≈≈≈≈≈≈≈≈≈≈≈≈≈≈≈#
≈≈≈≈≈≈≈ ≈≈≈≈≈≈≈≈≈≈≈≈≈≈≈
##########.P≈≈≈≈≈≈≈≈≈≈≈
~~~~~~~~~~P.~.≈≈≈≈≈≈≈≈≈
##########.P~...≈≈≈≈≈≈≈
.# #.~...~......≈≈≈≈≈≈≈
## ###~#~~~~~..~≈≈≈≈≈≈≈
#~#~~.~..########## #
#~#~~...P~~@~~~~r~~
#P##~#~..P..##########
#..~#.~~..~~.≈≈≈≈≈≈≈
###~#~~.~...~≈≈≈≈≈≈≈
#~#.....~.~~≈≈≈≈≈≈
######~#.~~~.~..~≈≈≈≈≈≈
#~#..#~#.††~.~~..≈≈≈≈≈≈
#~#..P..†~).~.~..#######
#~#..~P.~)~.~~.P..≈≈≈≈≈≈


You could see a river rat.

Vanquished Creatures
  An orc priest (D:4)
  An iguana (D:4)
  5 adders
  3 river rats (Sewer)
  2 worms (D:1)
  2 dart slugs
  10 orcs
  8 bats
  6 endoplasms
  7 giant cockroaches
  5 goblins
  6 hobgoblins
  3 jackals
  15 kobolds
  6 quokkas
  11 ball pythons
  3 frilled lizards
  8 rats
102 creatures vanquished.

Vanquished Creatures (others)
  A kobold brigand (D:3)
  6 plants (Sewer)
7 creatures vanquished.

Grand Total: 109 creatures vanquished

Notes
Turn   | Place    | Note
-------+----------+-------------------------------------------
     0 | D:1      | vishdafish the Demonspawn Conjurer began the quest for the
                  | Orb.
     0 | D:1      | Reached XP level 1. HP: 13/13 MP: 3/3
   124 | D:2      | Gained mutation: You have large cloven feet. [demonic
                  | ancestry]
   124 | D:2      | Reached XP level 2. HP: 17/19 MP: 5/5
   147 | D:2      | Found Hublurch's Distillery.
   308 | D:2      | Identified the +8 quarterstaff of Cauggiyt {flame, rElec
                  | rPois Int-3 SInv}
   370 | D:2      | Reached XP level 3. HP: 24/24 MP: 7/7
  1423 | D:1      | Reached XP level 4. HP: 30/30 MP: 8/8
  1862 | D:3      | Reached skill level 5 in Conjurations
  2002 | D:3      | Noticed a kobold brigand
  2360 | D:3      | Killed a kobold brigand
  2361 | D:3      | Reached skill level 1 in Staves
  2659 | D:4      | Reached XP level 5. HP: 3/35 MP: 10/10
  2910 | D:4      | Found a stormy altar of Qazlal.
  2969 | D:4      | Found a glowing drain.
  2984 | Sewer    | Entered a sewer
  3192 | Sewer    | Reached skill level 5 in Staves
  3192 | Sewer    | Gained mutation: Your demonic aura sometimes causes spilled
                  | blood to erupt in flames. [demonic ancestry]
  3192 | Sewer    | Reached XP level 6. HP: 39/41 MP: 11/11
  3227 | Sewer    | Quit the game

Illustrated notes

Levels and vault maps discovered:
D:1:      lemuel_arrival_cross, layout_basic, chequers_decorated_corner,
          minmay_misc_feat_ornament, nicolae_wormholes
D:2:      minmay_skewed_foursquare, layout_basic, serial_shops, shop
D:3:      cheibrodos_thug_alley, layout_rooms, hangedman_decor_points
D:4:      layout_gridville, nicolae_hepliaklqana_monster_ancestors,
          grunt_dithmenos_smoke, nicolae_qazlal_scattered_showers,
          mainiacjoe_overflow_alcove_1, gup_sewer_entry_pipe
Sewer:    sewer_co_scattered_pipes

Skill      XL: |  1  2  3  4  5 |
---------------+----------------+-----
Spellcasting   | 3 |  3.4
Conjurations   | 5 |  5.1
Staves         | 2 5 |  5.0
Dodging        | |  1.7
Stealth        | |  1.7

Action                     |  1- 3 |  4- 6 || total
---------------------------+-------+-------++-------
  Melee: Unarmed           |     6 |       ||     6
         Quarterstaff      |    49 |   141 ||   190
         Kick              |     5 |       ||     5
   Cast: Magic Dart        |    17 |    13 ||    30
    Use: Potion            |     2 |     1 ||     3
         Scroll            |       |     5 ||     5
   Stab: Sleeping          |     3 |     3 ||     6
 Armour: Robe              |    12 |    75 ||    87
  Dodge: Dodged            |    33 |   105 ||   138
  Block: Other             |     3 |    45 ||    48
         Reflection        |       |     4 ||     4

Table legend: (Time is in decaauts)
 A = Elapsed time spent in this place.
 B = Non-inter-level travel time spent in this place.
 C = Inter-level travel time spent in this place.
 D = Time resting spent in this place.
 E = Time spent auto-exploring this place.
 F = Levels seen in this place.
 G = Mean time per level.
                   A        B        C        D        E       F      G
               +--------+--------+--------+--------+--------+-----+--------+
         Total |   3327 |   3195 |    132 |     91 |   2379 |   5 |  665.4 |
       Dungeon |   3033 |   2901 |    132 |     91 |   2169 |   4 |  758.2 |
         Sewer |    294 |    294 |      0 |      0 |    210 |   1 |  294.0 |
               +--------+--------+--------+--------+--------+-----+--------+

Top non-repeatable levels by time:
     D:1: 1048 daAuts
     D:3: 839 daAuts
     D:2: 802 daAuts
     D:4: 342 daAuts
   Sewer: 294 daAuts
